 Dungeon Crawl Stone Soup version 0.24.0-13-gcf9b3192b9 (webtiles) character file.

Game seed: 2967845787029463516, levelgen mode: deterministic

802 Delamore the Cleaver (level 7, -2/57 HPs)
             Began as a Hill Orc Monk on Nov 5, 2019.
             Was a Believer of Beogh.
             Killed by divine providence
             ... invoked by an orc priest
              (10 damage)
             ... on level 5 of the Dungeon.
             The game lasted 00:08:27 (5443 turns).

Delamore the Cleaver (Hill Orc Monk)                Turns: 5443, Time: 00:08:27

Health: -2/57      AC: 11    Str: 16    XL:     7   Next: 91%
Magic:  13/16      EV:  7    Int: 10    God:    Beogh [**....]
Gold:   191        SH:  0    Dex: 13    Spells: 6/6 levels left

rFire    . . .     SeeInvis .   a - +0 hand axe
rCold    . . .     Gourm    +   (no shield)
rNeg     . . .     Faith    .   t - +0 chain mail
rPois    .         Spirit   .   (no helmet)
rElec    .         Reflect  .   (no cloak)
rCorr    .         Harm     .   o - +0 pair of gloves
MR       .....                  b - +0 pair of boots
Stlth    ..........             r - amulet of the gourmand
HPRegen  0.19/turn              k - ring of magical power
MPRegen  0.15/turn              (no ring)

@: no status effects
A: wild magic 1, MP-powered wands
a: Smiting, Renounce Religion


You were on level 5 of the Dungeon.
You worshipped Beogh.
Beogh was pleased with you.
You were full.

You visited 1 branch of the dungeon, and saw 5 of its levels.

You collected 191 gold pieces.

Inventory:

Hand Weapons
 a - a +0 hand axe (weapon)
 u - a +0 war axe
Missiles
 f - 8 poisoned darts
 v - a boomerang of dispersal (quivered)
Armour
 b - a +0 pair of boots (worn)
 o - a +0 pair of gloves (worn)
 t - a +0 chain mail (worn)
 w - a +0 shield
Jewellery
 k - a ring of magical power (left hand)
 m - an uncursed amulet of the acrobat
 r - an amulet of the gourmand (around neck)
Wands
 s - a wand of iceblast (10)
Scrolls
 d - 6 scrolls of identify {unknown}
 e - 4 scrolls of blinking {unknown}
 g - 2 scrolls of remove curse {unknown}
 i - 3 scrolls of teleportation {unknown}
 j - a scroll of immolation {unknown}
 l - 2 scrolls of amnesia {unknown}
 n - a scroll of enchant armour {unknown}
 q - 2 scrolls of fear {unknown}
Potions
 p - a potion of mutation
 x - a potion of curing {unknown}
 z - a potion of cancellation {unknown}
Comestibles
 c - 9 rations


   Skills:
 - Level 3.6 Fighting
 * Level 10.8 Axes
 - Level 0.4 Throwing
 + Level 3.4 Armour
 - Level 2.4 Dodging
 - Level 1.5 Stealth


You had 6 spell levels left.
You didn't know any spells.
Your spell library was empty.

Dungeon Overview and Level Annotations

Branches:
Dungeon (5/15)             Temple (0/1) D:5

Altars:
Trog

Annotations:
D:4 2 transporters, kmx's ghost, amateur OpFE


Innate Abilities, Weirdness & Mutations

Your spells are a little harder to cast, but a little more powerful.
You expend magic power (3 MP) to strengthen your wands.


Message History

You are too injured to fight recklessly!
You are too injured to fight recklessly!
You are too injured to fight recklessly!
You are too injured to fight recklessly!
You are too injured to fight recklessly!
You are too injured to fight recklessly!
The orc priest invokes the aid of Beogh against you.
Beogh smites you!
* * * LOW HITPOINT WARNING * * *
Aiming: Smiting
Press: ? - help, Dir - move target cursor, f - orc priest Smite: an orc priest, wielding a +0 flail You smite the orc priest!
The orc priest is severely wounded.
The orc priest calls down the wrath of Beogh upon you.
You struggle to resist.
The orc priest calls down the wrath of Beogh upon you.
Beogh smites you!
You die...
Beogh appreciates the orc priest's killing of a heretic priest.

#......########## _.
#.####..........### #. #.#
##########...#### #8 # #.#
#############....#### #
#8#.###...†......#####....###
#>...........................
#8#.###..........######......
#.#.# #..........# ###...###
# #.# #.....@....# #...#.###
... #......o...# #.###...#
... ##.###...### ##.# ###..
.... ...# ##.... ##...# ###.
.....#### ...........##...
..............##
.............###
...............# ......###..


You could see an orc priest.

Vanquished Creatures
  A sky beast (D:5)
  A howler monkey (D:5)
  A crimson imp (D:5)
  A bullfrog zombie (D:5)
  An orc priest (D:5)
  6 orc wizards
  An iguana (D:5)
  Natasha (thrice) (D:2)
  4 worker ants
  A hound skeleton (D:5)
  A worker ant zombie (D:5)
  A howler monkey skeleton (D:4)
  8 adders
  2 oozes
  2 worms (D:3)
  3 leopard geckos
  16 orcs
  6 bats
  3 giant cockroaches
  10 goblins
  7 hobgoblins
  2 jackals (D:3)
  13 kobolds
  2 quokkas
  5 frilled lizards
  2 jackal skeletons
  21 rats
124 creatures vanquished.

Vanquished Creatures (others)
  An adder skeleton (D:4)
1 creature vanquished.

Grand Total: 125 creatures vanquished

Notes
Turn   | Place    | Note
-------+----------+-------------------------------------------
     0 | D:1      | Delamore the Hill Orc Monk began the quest for the Orb.
     0 | D:1      | Reached XP level 1. HP: 19/19 MP: 1/1
    72 | D:1      | Reached XP level 2. HP: 7/26 MP: 2/2
   531 | D:1      | Reached skill level 5 in Axes
   641 | D:1      | You fall into a shaft and drop 1 floor!
   657 | D:2      | Noticed Natasha
   666 | D:2      | Killed Natasha
   666 | D:2      | Reached skill level 6 in Axes
   666 | D:2      | Reached XP level 3. HP: 16/31 MP: 3/3
   862 | D:2      | Noticed Natasha
   884 | D:2      | Killed Natasha
   884 | D:2      | Reached XP level 4. HP: 18/39 MP: 4/4
  1039 | D:2      | Noticed Natasha
  1047 | D:2      | Killed Natasha
  1047 | D:2      | Reached skill level 7 in Axes
  1519 | D:2      | Reached XP level 5. HP: 42/45 MP: 5/5
  1994 | D:3      | Found a faded altar of an unknown god.
  2105 | D:3      | Reached skill level 8 in Axes
  2598 | D:3      | Reached XP level 6. HP: 51/51 MP: 6/6
  3057 | D:4      | Reached skill level 9 in Axes
  3130 | D:4      | Reached skill level 1 in Armour
  3340 | D:4      | Found a transporter.
  3340 | D:4      | Noticed kmx's ghost (amateur OpFE)
  3341 | D:4      | Found a transporter.
  3516 | D:4      | Became a worshipper of Beogh the Brigand
  3516 | D:4      | Reached * piety under Beogh
  3516 | D:4      | Reached ** piety under Beogh
  3626 | D:4      | Reached XP level 7. HP: 37/57 MP: 7/7
  4196 | D:5      | Entered Level 5 of the Dungeon
  4251 | D:5      | Reached skill level 10 in Axes
  4252 | D:5      | Found a bloodstained altar of Trog.
  4320 | D:5      | Gained mutation: You expend magic power (3 MP) to
                  | strengthen your wands. [potion of mutation]
  4320 | D:5      | Gained mutation: Your spells are a little harder to cast,
                  | but a little more powerful. [potion of mutation]
  5270 | D:5      | Found a staircase to the Ecumenical Temple.
  5443 | D:5      | Killed from afar by an orc priest

Levels and vault maps discovered:
D:1:      minmay_arrival_wavy_path, layout_rooms
D:2:      layout_basic, first_ration, minmay_rat_hole, uniq_natasha
D:3:      layout_loops_corners, chequers_ecumenical_altar_simple,
          kennysheep_generic_room_11
D:4:      layout_loops_ring, gammafunk_ghost_smash
D:5:      layout_rooms, nicolae_overflow_hidden_temple, temple_statues

Skill      XL: |  1  2  3  4  5  6  7 |
---------------+----------------------+-----
Axes           | 6 7 8 9 10 | 10.8
Armour         | 1 3 |  3.4
Fighting       | |  3.6
Throwing       | |  0.4
Dodging        | |  2.4
Stealth        | |  1.5

Action                   |  1- 3 |  4- 6 |  7- 9 || total
-------------------------+-------+-------+-------++-------
Melee: Hand axe          |    79 |   328 |   163 ||   570
Throw: Dart              |       |     3 |       ||     3
       Boomerang         |       |       |     2 ||     2
Invok: Convert to Beogh  |       |     1 |       ||     1
       Smiting           |       |       |     1 ||     1
  Use: Potion            |     1 |       |     3 ||     4
 Stab: Sleeping          |     2 |     4 |       ||     6
  Eat: Chunk             |       |    16 |     5 ||    21
Armor: Robe              |    20 |    15 |       ||    35
       Skin              |     6 |       |       ||     6
       Chain mail        |       |    95 |    81 ||   176
Dodge: Dodged            |    84 |   161 |    48 ||   293
